 Dungeon Crawl Stone Soup version 0.28-a0-991-g956f0ee3d5 (webtiles) character file.

Game seed: 13945040250595011985

42 BinkBink the Skirmisher (level 3, 0/33 HPs)
             Began as a Draconian Monk on Dec 5, 2021.
             Was an Initiate of Gozag.
             Succumbed to an adder's poison
             ... on level 2 of the Dungeon.
             The game lasted 00:01:38 (1108 turns).

BinkBink the Skirmisher (Draconian Monk)            Turns: 1108, Time: 00:01:39

Health: 0/33       AC:  5    Str: 13    XL:     3   Next: 33%
Magic:  3/3        EV: 13    Int: 10    God:    Gozag
Gold:   185        SH:  0    Dex: 15    Spells: 2/2 levels left

rFire   . . .      SeeInvis .   a - +0 mace
rCold   . . .      Faith    .   (no shield)
rNeg    . . .      Spirit   .   (armour unavailable)
rPois   +          Reflect  .   (helmet restricted)
rElec   .          Harm     .   (no cloak)
rCorr   .          Rampage  .   (no gloves)
Will    .....                   (no boots)
Stlth   ++........              (no amulet)
HPRegen 0.11/turn               (no ring)
MPRegen 0.08/turn               (no ring)

@: lethally poisoned (0 -> -3), gold aura
A: AC +5, unfitting armour, cold-blooded, poison resistance
a: Renounce Religion, Potion Petition, Call Merchant, Bribe Branch


You were on level 2 of the Dungeon.
You worshipped Gozag.
Gozag was aware of your devotion.
You visited 1 branch of the dungeon, and saw 2 of its levels.

You collected 185 gold pieces.

Inventory:

Hand Weapons
 a - a +0 mace (weapon)
Armour
 c - a +0 leather armour
Scrolls
 b - 2 scrolls of enchant weapon {unknown}
 e - a scroll of blinking {unknown}
 f - 6 scrolls of identify {unknown}
 g - a scroll of amnesia {unknown}


   Skills:
 + Level 3.7 Fighting
 + Level 3.7 Maces & Flails
 + Level 3.1 Dodging
 - Level 1.7 Stealth


You had 2 spell levels left.
You didn't know any spells.
Your spell library was empty.

Dungeon Overview and Level Annotations

Branches:
Dungeon (2/15)

Altars:
Gozag


Innate Abilities, Weirdness & Mutations

Your plain brown scales are hard. (AC +5)
You cannot fit into any form of body armour.
You are cold-blooded and may be slowed by cold attacks.
Your system is resistant to poisons. (rPois)


Message History

You feel sick. The adder barely misses you. The adder bites you.
You thump the adder!
The adder is almost dead.
You feel sick. The adder bites you.
You are more poisoned.
The adder poisons you! The rat misses you.
You hit the adder but do no damage.
Your tail-slap misses the adder.
The adder is almost dead.
You feel very sick.
The adder closely misses you. x2; The rat barely misses you.
The adder bites you. The adder barely misses you.
You thump the adder!
You kill the adder!
You feel sick. The adder bites you.
You are more poisoned.
The adder poisons you! The rat bites you but does no damage.
* * * LOW HITPOINT WARNING * * *
You feel very sick. The rat bites you.
* * * LOW HITPOINT WARNING * * *
The adder bites you but does no damage.
It was a potion of mutation.
You feel extremely strange.
You feel resistant to poisons.
* * * LOW HITPOINT WARNING * * *
You feel sick. The rat bites you but does no damage. The adder misses you.
The endoplasm hits you but does no damage.
A dart slug comes into view.
* * * LOW HITPOINT WARNING * * *
You feel sick.
The rat is distracted by your dazzling golden aura.
* * * LOW HITPOINT WARNING * * *
You feel sick. The adder bites you but does no damage.
There is a stone staircase leading up here.
* * * LOW HITPOINT WARNING * * *
You feel sick.
The rat is no longer distracted by gold.
* * * LOW HITPOINT WARNING * * *
You feel sick.
You die...
Your body crumbles into a pile of gold.

## #### ...
##...#####.###.
##..............
##...............
#....(.........#
#..............#
#......@.......#
#..............#
#.#.....#S.....#
##....J<.#.###
#....r..#.####
#..............
#..............
.......$.#.####w
###......#.#


You could see an adder, an endoplasm and a rat.

Vanquished Creatures
  An adder (D:2)
  3 endoplasms (D:1)
  4 goblins (D:1)
  2 hobgoblins (D:1)
  5 jackals (D:1)
  A quokka (D:1)
  A ball python (D:1)
  5 bats (D:1)
  2 frilled lizards (D:1)
  2 kobolds (D:1)
  4 rats (D:1)
30 creatures vanquished.

Notes
Turn   | Place    | Note
-------+----------+-------------------------------------------
     0 | D:1      | BinkBink the Draconian Monk began the quest for the Orb.
     0 | D:1      | Reached XP level 1. HP: 19/19 MP: 1/1
    72 | D:1      | Found a faded altar of an unknown god.
    79 | D:1      | Prayed at the altar of an unknown god.
    79 | D:1      | Became a worshipper of Gozag Ym Sagoz the Greedy
   179 | D:1      | Reached XP level 2. HP: 16/26 MP: 2/2
   915 | D:1      | Reached XP level 3. HP: 31/33 MP: 3/3
  1103 | D:2      | Gained mutation: Your system is resistant to poisons.
                  | (rPois) [potion of mutation]
  1106 | D:2      | HP: 1/33 [poisoned by an adder]
  1108 | D:2      | Succumbed to an adder's poison

Illustrated notes

Levels and vault maps discovered:
D:1:      elethiomel_arrival_maze, layout_rooms, basic_ecumenical_altar
D:2:      layout_loops_ring, minmay_quantized

Skill      XL: |  1  2 |
---------------+-------+-----
Dodging        | 3 |  3.1
Fighting       | |  3.7
Maces & Flails | |  3.7
Stealth        | |  1.7

Action                   || total
-------------------------++-------
Melee: Mace              ||    79
       Tailslap          ||     8
  Use: Potion            ||     1
 Stab: Distracted        ||     1
Armor: Skin              ||    37
Dodge: Dodged            ||    79

Table legend: (Time is in decaauts)
 A = Elapsed time spent in this place.
 B = Non-inter-level travel time spent in this place.
 C = Inter-level travel time spent in this place.
 D = Time resting spent in this place.
 E = Time spent auto-exploring this place.
 F = Levels seen in this place.
 G = Mean time per level.
                   A        B        C        D        E       F      G
               +--------+--------+--------+--------+--------+-----+--------+
         Total |   1127 |   1063 |     64 |      0 |    854 |   2 |  563.5 |
       Dungeon |   1127 |   1063 |     64 |      0 |    854 |   2 |  563.5 |
               +--------+--------+--------+--------+--------+-----+--------+

Top non-repeatable levels by time:
     D:1: 1111 daAuts
     D:2: 15 daAuts
